 Dungeon Crawl Stone Soup version 0.23.2-1-ga50397a (webtiles) character file.

Game seed: 12135321274982063724

24221 IBeShadow the Fighter (level 13, -2/133 HPs)
             Began as a Naga Fighter on May 8, 2019.
             Was a Priest of Cheibriados.
             Slain by a six-headed hydra (11 damage)
             ... on level 5 of the Lair of Beasts.
             The game lasted 00:47:54 (17578 turns).

IBeShadow the Fighter (Naga Fighter)               Turns: 17578, Time: 00:47:56

Health: -2/133     AC: 15    Str: 32    XL:     13   Next: 11%
Magic:  6/18       EV:  5    Int: 17    God:    Cheibriados [***...]
Gold:   851        SH:  0    Dex: 23    Spells: 7/12 levels left

rFire    + . .     SeeInvis +   T - +1 war axe (freeze)
rCold    . . .     Gourm    .   (no shield)
rNeg     . . .     Faith    .   P - +0 plate armour
rPois    +         Spirit   .   l - +1 helmet
rElec    .         Reflect  .   m - +2 cloak
rCorr    .         Harm     .   (no gloves)
MR       +....                  (no barding)
Stlth    +.........             R - amulet of regeneration
HPRegen  0.72/turn              K - ring of protection from fire
MPRegen  0.16/turn              Q - +5 ring of dexterity

@: very slow
A: large, see invisible, deformed body, poison resistance, slowness 2, slow
metabolism 1, spit poison 1, constrict 1, AC +4
a: Spit Poison, Bend Time, Temporal Distortion, Renounce Religion


You were on level 5 of the Lair of Beasts.
You worshipped Cheibriados.
Cheibriados was most pleased with you.
You were not hungry.

You visited 3 branches of the dungeon, and saw 19 of its levels.

You collected 941 gold pieces.
You spent 90 gold pieces at shops.

Inventory:

Hand Weapons
 O - the +5 flail "Baph" {crush, rElec Dex+5}
   (You found it on level 3 of the Lair of Beasts)

   It inflicts extra damage upon your enemies.
   It affects your dexterity (+5).
   It insulates you from electricity.
 T - a +1 war axe of freezing (weapon)
Missiles
 Y - 201 stones (quivered)
Armour
 c - a +0 shield
 l - a +1 helmet (worn)
 m - a +2 cloak (worn)
 P - a +0 plate armour (worn)
Jewellery
 K - a ring of protection from fire (left hand)
 Q - a +5 ring of dexterity (right hand)
 R - an amulet of regeneration (around neck)
Wands
 a - a wand of iceblast (21)
 j - a wand of flame (19)
 A - a wand of paralysis (21)
 G - a wand of acid (20)
 M - a wand of digging (6)
Scrolls
 b - a scroll of noise
 e - 2 scrolls of fear {unknown}
 g - a scroll of random uselessness {unknown}
 k - 2 scrolls of fog {unknown}
 o - 3 scrolls of identify
 q - 4 scrolls of remove curse
 u - 2 scrolls of enchant armour {unknown}
 v - 2 scrolls of magic mapping {unknown}
 I - 2 scrolls of enchant weapon
 J - a scroll of immolation {unknown}
 L - a scroll of torment {unknown}
 U - a scroll of amnesia {unknown}
 W - a scroll of silence {unknown}
 X - a scroll of vulnerability {unknown}
Potions
 d - a potion of flight {unknown}
 n - 2 potions of invisibility {unknown}
 t - 2 potions of mutation {unknown}
 w - a potion of ambrosia {unknown}
 x - 5 potions of brilliance
 B - 2 potions of berserk rage {unknown}
 C - 3 potions of cancellation {unknown}
 D - 3 potions of agility {unknown}
 H - 3 potions of degeneration {unknown}
 N - 5 potions of curing {unknown}
Miscellaneous
 p - a lamp of fire (inert)
 V - a phial of floods (inert)
Comestibles
 f - 41 rations


   Skills:
 * Level 13.3 Fighting
 * Level 13.2 Axes
 - Level 2.4 Armour
 - Level 10.6 Stealth
 - Level 2.4 Shields
 + Level 4.4 Hexes
 + Level 7.6 Invocations
 - Level 0.4 Evocations


You had 7 spell levels left.
You knew the following spells:

 Your Spells              Type           Power        Failure   Level  Hunger
a - Metabolic Englaciati  Hex/Ice        #.........   100%        5    ######.

Your spell library contained the following spells:

 Spells                   Type           Power        Failure   Level  Hunger
 Confusing Touch          Hex            ###...       36%         1    ##.....
 Corona                   Hex            ###....      36%         1    ##.....
 Slow                     Hex            ###.....     50%         2    ###....
 Confuse                  Hex            ###.....     73%         3    ####...
 Tukima's Dance           Hex            ###.....     73%         3    ####...
 Ensorcelled Hibernation  Hex/Ice        #.....       80%         2    ###....
 Apportation              Tloc           #.....       92%         1    ##.....
 Magic Dart               Conj           #...         92%         1    ##.....
 Summon Butterflies       Summ           #.......     92%         1    ##.....
 Dazzling Spray           Conj/Hex       #.....       95%         3    ####...
 Inner Flame              Hex/Fire       #.......     95%         3    ####...
 Portal Projectile        Hex/Tloc       #.....       95%         3    ####...
 Searing Ray              Conj           #.....       98%         2    ###....
 Cause Fear               Hex            ###.......   98%         4    #####..
 Gell's Gravitas          Tloc           #.........   100%        3    ####...
 Lesser Beckoning         Tloc           #.........   100%        3    ####...
 Force Lance              Conj/Tloc      #.......     100%        4    #####..
 Fulminant Prism          Conj/Hex       #.........   100%        4    #####..
 Iskenderun's Mystic Bla  Conj           #.......     100%        4    #####..
 Leda's Liquefaction      Hex/Erth       #.........   100%        4    #####..
 Petrify                  Tmut/Erth      #.......     100%        4    #####..
 Summon Lightning Spire   Summ/Air       #.......     100%        4    #####..
 Alistair's Intoxication  Tmut/Pois      #.......     100%        5    ######.
 Silence                  Hex/Air        #.........   100%        5    ######.
 Yara's Violent Unravell  Hex/Tmut       #.........   100%        5    ######.
 Conjure Ball Lightning   Conj/Air       #.........   100%        6    #######
 Deflect Missiles         Chrm/Air       #.........   100%        6    #######
 Invisibility             Hex            ###.....     100%        6    #######
 Tornado                  Air            #.........   100%        9    #######


Dungeon Overview and Level Annotations

Branches:
Dungeon (12/15)            Temple (1/1) D:5            Lair (6/6) D:8
 Shoals (0/4) Lair:3        Slime (0/5) Lair:6
  Snake: Lair:2-4    Spider: Lair:2-4       Orc: D:9-12

Altars:
Ashenzari
Cheibriados
Dithmenos
Elyvilon
Fedhas
Gozag
Hepliaklqana
Kikubaaqudgha
Makhleb
Nemelex Xobeh
Okawaru
Qazlal
Ru
Sif Muna
Trog
Uskayaw
Vehumet
Wu Jian
Xom
Yredelemnul
Zin
The Shining One

Shops:
D:6 %(%?(   D:7 ?   D:9 !

Annotations:
D:9 Psyche
Lair:2 1 runed translucent door, Fiulat's ghost, journeyman DsBe


Innate Abilities, Weirdness & Mutations

You cannot wear boots.
Your serpentine skin is tough. (AC +4)
You have supernaturally acute eyesight. (SInv)
Armour fits poorly on your strangely shaped body.
Your system is resistant to poisons. (rPois)
You cover ground very slowly.
You have a slow metabolism.
You can spit poison.
You can use your snake-like lower body to constrict enemies.


Message History

The six-headed hydra bites you but does no damage. x5
You can feel time thicken for a moment.
You feel somewhat more hungry.
You can no longer inflict damage on those overly hasty.
Cheibriados lowers the support of your attributes as your movement quickens.
Okay, then.
Press: ? - help, v - describe, . - travel
Here: a six-headed hydra (heavily wounded, slow)
A stone staircase leading down, spattered with blood.
Aiming: Paralyse
Press: ? - help, Shift-Dir - straight line, f - komodo dragon, p - six-headed hydra
Aim: a komodo dragon (moderately wounded, slow, chance to defeat MR: 29%)
Okay, then.
As you read the scroll labeled DOERIH TEAMOWA, it crumbles to dust.
You hear a loud clanging noise!
It was a scroll of noise.
The six-headed hydra bites you but does no damage.
The six-headed hydra barely misses you.
The six-headed hydra bites you but does no damage.
The six-headed hydra bites you!
You die...

......♣.P...P#####......♣.####
.............P.............#.#
...............P.......♣#....#
.........P.....PP.......##...#
........♣...............#....#
........♣♣....P..P....♣.P...##
.......##.♣........P.........####
......##....♣....♣........#.....#
...........#...)@....#....##...##
............P...Dl...#........##
.....................#........##
............P..................##
..............................#.#
..............................###
...#............................#
........#..#...................##
..b.....#.......................#


You could see a six-headed hydra and a komodo dragon.

Vanquished Creatures
  2 hydras
  Harold (D:9)
  2 cyclopes (D:11)
  3 elephants (Lair:4)
  Maurice (D:8)
  A black mamba (Lair:2)
  A torpor snail (Lair:4)
  6 spiny frogs
  A rime drake (Lair:2)
  2 komodo dragons
  3 trolls
  2 polar bears
  A hornet (D:9)
  3 blink frogs (Lair:4)
  2 dream sheep
  The ghost of Chimkentus the Sneak, an amateur OpTm (D:6)
  A snapping turtle (Lair:3)
  5 hippogriffs
  36 yaks
  2 wyverns (Lair:3)
  A wraith (D:11)
  A spriggan (Lair:5)
  Eustachio (D:4)
  2 basilisks (Lair:1)
  10 water moccasins
  7 porcupines
  4 sky beasts
  4 ice beasts
  4 phantoms
  4 ogres
  A black bear (D:8)
  2 orc warriors
  6 wolves (Lair:2)
  8 centaurs
  4 crocodiles
  10 bullfrogs
  A gnoll sergeant (D:10)
  A wyvern skeleton (D:8)
  4 scorpions
  3 howler monkeys
  A bullfrog zombie (D:10)
  A centaur zombie (D:6)
  4 crimson imps
  6 hounds
  4 jellies
  3 centaur skeletons
  5 orc priests
  Natasha (thrice) (D:3)
  An iguana (D:9)
  8 orc wizards
  3 worker ants
  A killer bee zombie (D:9)
  A bullfrog simulacrum (D:6)
  A worker ant zombie (D:11)
  Robin (D:3)
  8 adders
  3 gnolls (D:10)
  A shadow imp (D:8)
  3 white imps
  A worker ant simulacrum (D:6)
  3 oozes
  2 adder skeletons
  3 worms
  A dart slug (D:2)
  6 leopard geckos
  26 orcs
  9 giant cockroaches
  25 goblins
  9 hobgoblins
  5 jackals (D:6)
  2 kobolds
  4 quokkas
  5 bats
  5 frilled lizards
  A leopard gecko skeleton (D:4)
  A quokka simulacrum (D:6)
  8 rats
  2 fungi
  4 plants
334 creatures vanquished.

Vanquished Creatures (others)
  7 fungi
  7 plants
14 creatures vanquished.

Grand Total: 348 creatures vanquished

Notes
Turn   | Place    | Note
-------+----------+-------------------------------------------
     0 | D:1      | IBeShadow the Naga Fighter began the quest for the Orb.
     0 | D:1      | Reached XP level 1. HP: 21/21 MP: 1/1
   272 | D:1      | Reached XP level 2. HP: 28/28 MP: 2/2
   348 | D:1      | Reached skill level 1 in Stealth
   572 | D:1      | Reached XP level 3. HP: 34/34 MP: 3/3
  1072 | D:2      | Reached XP level 4. HP: 35/44 MP: 4/4
  1801 | D:3      | Noticed a sky beast
  1829 | D:3      | Killed a sky beast
  1829 | D:3      | Reached XP level 5. HP: 36/51 MP: 5/5
  1936 | D:3      | Noticed Natasha
  1948 | D:3      | Killed Natasha
  1948 | D:3      | Reached XP level 6. HP: 29/58 MP: 6/6
  2232 | D:3      | Noticed Robin
  2272 | D:3      | Killed Robin
  2325 | D:3      | Noticed Natasha
  2330 | D:3      | Killed Natasha
  2505 | D:3      | Reached skill level 5 in Fighting
  2842 | D:3      | Noticed Natasha
  2847 | D:3      | Killed Natasha
  2925 | D:3      | Found a glowing golden altar of the Shining One.
  3105 | D:4      | Noticed Eustachio
  3149 | D:4      | Killed Eustachio
  3149 | D:4      | Reached skill level 5 in Axes
  3149 | D:4      | Reached skill level 5 in Stealth
  3149 | D:4      | Reached XP level 7. HP: 39/67 MP: 7/7
  3392 | D:4      | Found an iron altar of Okawaru.
  3910 | D:5      | Entered Level 5 of the Dungeon
  3962 | D:5      | Found a staircase to the Ecumenical Temple.
  3966 | Temple   | Entered the Ecumenical Temple
  4214 | D:5      | Reached XP level 8. HP: 75/76 MP: 8/8
  4413 | D:5      | Found a blossoming altar of Fedhas.
  4815 | D:6      | Found a runed translucent gate.
  4815 | D:6      | Found a runed translucent gate.
  4815 | D:6      | Found a shimmering altar of Xom.
  4828 | D:6      | Found a runed translucent gate.
  5342 | D:6      | Noticed Chimkentus's ghost (amateur OpTm)
  5376 | D:6      | Killed Chimkentus's ghost
  5376 | D:6      | Reached XP level 9. HP: 73/88 MP: 9/9
  5626 | D:6      | Found Dioleow's Food Shop.
  5650 | D:6      | Found a hazy altar of Hepliaklqana.
  6250 | D:6      | Found Ethinui's Food Boutique.
  6257 | D:6      | Found an ornate altar of the Wu Jian Council.
  6365 | D:6      | Found Segiet's Antique Weapon Shop.
  6447 | D:6      | Found Gato's Weapon Boutique.
  6447 | D:6      | Found Rustrosch's Magic Scroll Emporium.
  6459 | D:6      | Bought a scroll of blinking for 90 gold pieces
  7022 | D:7      | Found Ibriyhur's Magic Scroll Shoppe.
  7591 | D:8      | Found a staircase to the Lair.
  7592 | D:8      | Noticed a komodo dragon
  7729 | D:8      | Killed a komodo dragon
  7971 | D:8      | Found a blossoming altar of Fedhas.
  7971 | D:8      | Found a white marble altar of Elyvilon.
  8007 | D:8      | Reached XP level 10. HP: 92/99 MP: 10/10
  8059 | D:8      | Found a bloodstained altar of Trog.
  8059 | D:8      | Found a snail-covered altar of Cheibriados.
  8071 | D:8      | Became a worshipper of Cheibriados the Contemplative
  8363 | D:8      | Noticed Maurice
  8373 | D:8      | Killed Maurice
  8399 | D:8      | Found a hide-covered altar of Uskayaw.
  8763 | D:9      | Noticed Harold
  8782 | D:9      | Reached skill level 1 in Invocations
  9125 | D:9      | Reached skill level 10 in Stealth
  9165 | D:9      | Found Itwog's Distillery.
  9166 | D:9      | Noticed Psyche
  9326 | D:9      | Reached * piety under Cheibriados
  9809 | D:9      | Reached skill level 10 in Fighting
 10190 | D:9      | Killed Harold
 10190 | D:9      | Reached skill level 10 in Axes
 10550 | D:10     | Entered Level 10 of the Dungeon
 11382 | D:11     | Reached ** piety under Cheibriados
 11382 | D:11     | Reached XP level 11. HP: 98/110 MP: 13/13
 11535 | D:11     | Noticed a cyclops
 11548 | D:11     | Killed a cyclops
 11709 | D:11     | Noticed a cyclops
 11806 | D:11     | Killed a cyclops
 12060 | Lair:1   | Entered Level 1 of the Lair of Beasts
 12280 | Lair:1   | Reached *** piety under Cheibriados
 12486 | Lair:1   | Reached skill level 5 in Invocations
 13448 | Lair:2   | Learned a level 5 spell: Metabolic Englaciation
 13491 | Lair:2   | Reached **** piety under Cheibriados
 13627 | Lair:2   | Found a runed translucent door.
 13632 | Lair:2   | Noticed Fiulat's ghost (journeyman DsBe)
 13632 | Lair:2   | Noticed a seven-headed hydra
 13798 | Lair:3   | Got a translucent flail
 13799 | Lair:3   | Identified the +5 flail "Baph" {crush, rElec Dex+5} (You
                  | found it on level 3 of the Lair of Beasts)
 13900 | Lair:3   | Reached skill level 1 in Hexes
 13900 | Lair:3   | Reached XP level 12. HP: 117/122 MP: 16/16
 14003 | Lair:3   | Noticed a four-headed hydra
 14013 | Lair:3   | Killed a ten-headed hydra
 14815 | Lair:3   | Found a staircase to the Shoals.
 15570 | Lair:2   | Noticed an eight-headed hydra
 15945 | Lair:4   | Reached ***** piety under Cheibriados
 16843 | Lair:5   | Noticed a six-headed hydra
 16980 | Lair:5   | Gained mutation: You can use your snake-like lower body to
                  | constrict enemies. [Naga growth]
 16980 | Lair:5   | Reached XP level 13. HP: 113/133 MP: 18/18
 17024 | Lair:5   | You fall through a shaft!
 17024 | Lair:6   | Entered Level 6 of the Lair of Beasts
 17024 | Lair:6   | Found a staircase to the Slime Pits.
 17574 | Lair:5   | HP: 3/133 [komodo dragon (21)]
 17578 | Lair:5   | Slain by a six-headed hydra

Skill      XL: |  1  2  3  4  5  6  7  8  9 10 11 12 |
---------------+-------------------------------------+-----
Stealth        | 1 2 3 5 7 9 10 | 10.6
Axes           | 3 4 5 7 9 10 11 13 | 13.2
Fighting       | 4 5 6 7 9 10 12 13 | 13.3
Invocations    | 3 5 7 |  7.6
Hexes          | 1 4 |  4.4
Armour         | |  2.4
Shields        | |  2.4
Evocations     | |  0.4

Action                   |  1- 3 |  4- 6 |  7- 9 | 10-12 | 13-15 || total
-------------------------+-------+-------+-------+-------+-------++-------
Melee: War axe           |    38 |       |       |   548 |    23 ||   609
       Mace              |    70 |   167 |   469 |    46 |       ||   752
       Constrict         |       |       |       |       |     3 ||     3
Invok: Bend Time         |       |       |       |     2 |     1 ||     3
       Slouch            |       |       |       |       |     4 ||     4
 Abil: Spit Poison       |       |    13 |    21 |    15 |       ||    49
Evoke: Wand              |       |       |       |       |     4 ||     4
       Lamp of fire      |       |       |       |       |     1 ||     1
       Phial of floods   |       |       |       |       |     1 ||     1
  Use: Potion            |       |     1 |     1 |     1 |     4 ||     7
       Scroll            |       |       |     9 |    12 |     7 ||    28
 Stab: Sleeping          |       |       |     1 |     5 |       ||     6
       Distracted        |       |       |       |     1 |       ||     1
  Eat: Chunk             |       |     5 |     9 |    16 |       ||    30
       Ration            |       |       |     2 |     2 |       ||     4
Armor: Scale mail        |    41 |    99 |    57 |       |       ||   197
       Chain mail        |       |       |   276 |   306 |       ||   582
       Skin              |       |       |     4 |       |       ||     4
       Plate armour      |       |       |       |   146 |    37 ||   183
Dodge: Dodged            |    27 |    53 |   133 |   189 |    10 ||   412
Block: Shield            |    44 |    90 |   251 |    33 |       ||   418
